Barracuda vs Griffins
(R1)
Created - April 9, 2024 at 22:21
Goals
|
| Barracuda |
0 |
2 |
1 |
3 |
| Griffins |
0 |
4 |
2 |
6 |
|
Shots
|
| Barracuda |
9 |
19 |
9 |
37 |
| Griffins |
6 |
10 |
15 |
31 |
|
1st period
No Goal
Penalties :
Robbie Russo (Gra) for Hooking (Minor) at 4:55, Robby Fabbri (Gra) for Hooking (Minor) at 13:44, Mario Lucia (S.J) for Holding (Minor) at 17:03, Brendan Leipsic (Gra) for Holding (Minor) at 19:47
2nd period
1. Griffins , Robby Fabbri 21 (Christoffer Ehn 39) at 1:02 (SH)
2. Griffins , Christoffer Ehn 23 (Ian McCoshen 16, Robby Fabbri 19) at 1:24
3. Griffins , Robby Fabbri 22 (Filip Hronek 40, Ian McCoshen 17) at 1:48 (PP)
4. Griffins , Brendan Leipsic 9 (Morgan Geekie 19, Riley Armstrong 31) at 10:24
5. Barracuda , Samuel Groulx 6 (Theodor Blueger 41, Kurtis Macdermid 39) at 11:23
6. Barracuda , William Carrier 55 (Mario Lucia 12, Eric Gustafsson 60) at 15:19
Penalties :
William Carrier (S.J) for Holding (Minor) at 1:08, Filip Hronek (Gra) for High sticking (Minor) at 15:35, Martin Frk (Gra) for Hooking (Minor) at 18:41
3rd period
7. Griffins , Christoffer Ehn 24 (Robby Fabbri 20, Sonny Milano 44) at 4:08
8. Barracuda , Kurtis Macdermid 33 (Unassisted) at 8:06
9. Griffins , Nico Hischier 30 (Lucas Lessio 55) at 8:13
Penalties :
Kyle Platzer (S.J) for Tripping (Minor) at 18:26
Goalie Stats
Kevin Mandolese (S.J), 15 saves from 17 shots - (0.882), 29:36 minutes
Joacim Eriksson (S.J), 10 saves from 14 shots - (0.714), L, 8-9-2, 30:24 minutes
Marcus Hogberg (Gra), 34 saves from 37 shots - (0.919), W, 33-9-2, 60:00 minutes
Players Stats for Barracuda
Player Name G A P +/- PIM S H SB GA TA FO MP PP MP PK MP
------------------------------------------------------------------------------------
Alex Henriksson 0 0 0 0 0 2 0 1 1 0 0/0 8:50 0:00 0:25
Cole Ully 0 0 0 -1 0 1 3 0 1 0 0/0 11:13 0:00 0:00
Emil Pettersson 0 0 0 -3 0 1 0 0 0 0 17/42 22:34 5:08 2:20
Eric Gustafsson 0 1 1 0 0 8 3 1 1 0 0/0 28:12 4:54 2:28
Jaedon Descheneau 0 0 0 -1 0 0 0 0 0 0 0/0 11:13 0:00 0:00
Jordan Gross 0 0 0 -2 0 0 1 1 0 1 0/0 10:50 0:00 0:00
Kurtis Macdermid 1 1 2 2 0 3 0 0 2 0 0/0 17:23 4:09 0:49
Kyle Platzer 0 0 0 0 2 3 0 0 0 0 3/3 8:24 0:00 0:00
Logan Stanley 0 0 0 0 0 1 0 0 0 0 0/0 20:58 4:23 1:06
Mac Hollowell 0 0 0 -2 0 0 1 1 0 0 0/0 10:50 0:00 0:00
Mario Lucia 0 1 1 -2 2 2 2 0 0 0 0/0 19:35 5:08 0:00
Nikolai Kovalenko 0 0 0 0 0 0 0 0 0 0 0/0 8:25 0:00 0:00
Noah Gregor 0 0 0 -1 0 2 4 3 0 0 1/5 11:13 0:00 0:00
Robin Norell 0 0 0 0 0 2 1 2 0 1 0/0 20:58 4:23 1:06
Samuel Groulx 1 0 1 -1 0 2 2 7 0 1 0/0 28:11 4:54 2:28
Theodor Blueger 0 1 1 1 0 6 1 0 0 0 3/10 18:28 4:09 1:16
Thomas Gobeil 0 0 0 2 0 1 2 0 0 0 0/1 16:34 4:09 0:00
William Carrier 1 0 1 -2 2 3 2 0 0 2 1/1 21:53 5:07 2:18
Players Stats for Griffins
Player Name G A P +/- PIM S H SB GA TA FO MP PP MP PK MP
------------------------------------------------------------------------------------
Andrey Pedan 0 0 0 1 0 1 2 1 0 0 0/0 23:24 0:00 3:32
Brendan Leipsic 1 0 1 0 2 1 0 0 0 0 0/0 10:21 0:02 0:00
Christoffer Ehn 2 1 3 2 0 4 1 0 0 0 9/12 18:13 1:42 3:02
Cody Glass 0 0 0 0 0 1 0 0 1 0 2/3 9:27 0:00 1:35
Filip Hronek 0 1 1 3 2 1 2 0 1 1 0/0 26:06 2:26 3:53
Ian McCoshen 0 2 2 3 0 0 1 1 0 0 0/0 15:10 0:02 5:31
Jack Studnicka 0 0 0 0 0 0 1 0 0 0 0/0 7:49 0:00 0:00
Lucas Lessio 0 1 1 0 0 4 3 1 1 0 3/3 22:42 1:52 5:22
Martin Frk 0 0 0 0 2 1 1 0 0 0 0/1 17:07 1:52 0:00
Morgan Barron 0 0 0 0 0 3 1 1 0 0 0/0 8:38 0:00 0:46
Morgan Geekie 0 1 1 0 0 0 1 0 0 1 0/0 10:23 0:00 0:00
Nico Hischier 1 0 1 0 0 2 3 1 1 0 17/29 17:42 1:52 0:41
Nils Lundkvist 0 0 0 -2 0 0 0 0 0 1 0/0 14:31 1:08 0:04
Riley Armstrong 0 1 1 0 0 4 6 1 0 0 4/12 17:04 1:40 4:45
Robbie Russo 0 0 0 1 2 0 0 2 0 0 0/0 14:38 0:00 1:12
Robby Fabbri 2 2 4 2 2 5 2 0 1 0 1/1 18:20 2:26 2:23
Ryan Pulock 0 0 0 -2 0 1 0 1 0 1 0/0 18:48 1:08 3:36
Sebastian Ahaut 0 0 0 0 0 0 0 0 0 1 0/0 5:06 0:00 0:46
Sonny Milano 0 1 1 0 0 3 0 0 0 0 1/1 14:31 1:40 0:00
3 Stars
1 - Robby Fabbri (Gra)
2 - Christoffer Ehn (Gra)
3 - Ian McCoshen (Gra)
Power Play
Barracuda - 0 on 4 Attempt(s) - 0.00%
Griffins - 1 on 4 Attempt(s) - 25.00%
Penalty Kill
Barracuda - 3 on 4 Attempt(s) - 75.00%
- Score 0 goal in Penalty Kill
Griffins - 4 on 4 Attempt(s) - 100.00%
- Score 1 goal in Penalty Kill
Team Stat
Barracuda - Hits : 22 - Faceoff Wins : 25 - Blocked Shots : 16 - Penalty Minutes : 6
Griffins - Hits : 24 - Faceoff Wins : 37 - Blocked Shots : 9 - Penalty Minutes : 10
Official
Referees : Brian Pochmara and Chris Lee
Linesman : Travis Toomey and Jonny Murray
Game Notes
Kevin Mandolese enters game at 10:24 of 2nd period
8:06 of 3rd period - Penalty Shot by Kurtis Macdermid for Barracuda - Goal!
Finance
Level 1 -- Attendance: 1757 (87.85%) -- Ticket Income $122,990
Level 2 -- Attendance: 970 (97.00%) -- Ticket Income $38,800
Total Attendance: 2727 (90.90%)
Total Ticket Income: $161,790
Other Income: $8,090
Total Income: $169,880
Barracuda
5 vs 5 Forward
Center Left Wing Right Wing Time % Phy DF OF
1 Emil Pettersson William Carrier Mario Lucia 40 1 2 2
2 Theodor Blueger Kurtis Macdermid Thomas Gobeil 30 1 2 2
3 Noah Gregor Cole Ully Jaedon Descheneau 20 1 2 2
4 Kyle Platzer Alex Henriksson Nikolai Kovalenko 10 1 2 2
5 vs 5 Defense
Defense Defense Time % Phy DF OF
1 Eric Gustafsson Samuel Groulx 40 1 2 2
2 Logan Stanley Robin Norell 30 1 2 2
3 Mac Hollowell Jordan Gross 20 1 2 2
4 Eric Gustafsson Samuel Groulx 10 1 2 2
PowerPlay Forward
Center Left Wing Right Wing Time % Phy DF OF
1 Emil Pettersson William Carrier Mario Lucia 60 1 2 2
2 Theodor Blueger Kurtis Macdermid Thomas Gobeil 40 1 2 2
PowerPlay Defense
Defense Defense Time % Phy DF OF
1 Eric Gustafsson Samuel Groulx 60 1 2 2
2 Logan Stanley Robin Norell 40 1 2 2
Penalty Kill 4 Players Forward
Center Wing Time % Phy DF OF
1 Emil Pettersson William Carrier 60 1 2 2
2 Theodor Blueger Kurtis Macdermid 40 1 2 2
Penalty Kill 4 Players Defense
Defense Defense Time % Phy DF OF
1 Eric Gustafsson Samuel Groulx 60 1 2 2
2 Logan Stanley Robin Norell 40 1 2 2
Penalty Kill - 3 Players Forward
Forward Time % Phy DF OF
1 Emil Pettersson 60 1 2 2
2 Theodor Blueger 40 1 2 2
Penalty Kill - 3 Players Defense
Defense Defense Time % Phy DF OF
1 Eric Gustafsson Samuel Groulx 60 1 2 2
2 Logan Stanley Robin Norell 40 1 2 2
4 vs 4 Forward
Center Wing Time % Phy DF OF
1 Emil Pettersson William Carrier 60 1 2 2
2 Theodor Blueger Kurtis Macdermid 40 1 2 2
4 vs 4 Defense
Defense Defense Time % Phy DF OF
1 Eric Gustafsson Samuel Groulx 60 1 2 2
2 Logan Stanley Robin Norell 40 1 2 2
Last Minutes Offensive
Center Left Wing Right Wing Defense Defense
Emil Pettersson William Carrier Mario Lucia Eric Gustafsson Samuel Groulx
Last Minutes Defensive
Center Left Wing Right Wing Defense Defense
Emil Pettersson William Carrier Mario Lucia Eric Gustafsson Samuel Groulx
Goaltenders
Starting : Joacim Eriksson
Backup : Kevin Mandolese
Extra Forwards
Normal : Theodor Blueger, Alex Henriksson, Mario Lucia - PP : Theodor Blueger, Alex Henriksson - PK : Theodor Blueger
Extra Defensemen
Normal : Robin Norell, Mac Hollowell, Jordan Gross - PP : Robin Norell - PK : Robin Norell, Mac Hollowell
Penalty Shots
William Carrier, Kurtis Macdermid, Emil Pettersson, Cole Ully, Theodor Blueger
Custom OT Lines Forwards
William Carrier, Kurtis Macdermid, Emil Pettersson, Cole Ully, Theodor Blueger, Alex Henriksson, Mario Lucia, Noah Gregor, Kyle Platzer, Thomas Gobeil
Custom OT Lines Defensemen
Eric Gustafsson, Samuel Groulx, Logan Stanley, Robin Norell, Mac Hollowell
Scratches
Alex Lintuniemi (Healthy), Aleksi Heponiemi (Healthy), Ben Jones (Healthy), Jacob Peterson (Healthy), Scott Reedy (Healthy)
Ryan Merkley (Healthy), Bode Wilde (Healthy), Dennis Cholowski (Healthy), Alexei Toropchenko (Healthy), Joni Ortio (Healthy)
Griffins
5 vs 5 Forward
Center Left Wing Right Wing Time % Phy DF OF
1 Nico Hischier Lucas Lessio Martin Frk 40 1 2 2
2 Christoffer Ehn Robby Fabbri Sonny Milano 30 1 2 2
3 Riley Armstrong Brendan Leipsic Morgan Geekie 20 1 2 2
4 Cody Glass Morgan Barron Jack Studnicka 10 1 2 2
5 vs 5 Defense
Defense Defense Time % Phy DF OF
1 Filip Hronek Andrey Pedan 40 1 2 2
2 Ryan Pulock Nils Lundkvist 30 1 2 2
3 Robbie Russo Ian McCoshen 20 1 2 2
4 Robbie Russo Sebastian Ahaut 10 1 2 2
PowerPlay Forward
Center Left Wing Right Wing Time % Phy DF OF
1 Nico Hischier Lucas Lessio Martin Frk 60 1 2 2
2 Christoffer Ehn Sonny Milano Riley Armstrong 40 1 2 2
PowerPlay Defense
Defense Defense Time % Phy DF OF
1 Filip Hronek Robby Fabbri 60 1 2 2
2 Ryan Pulock Nils Lundkvist 40 1 2 2
Penalty Kill 4 Players Forward
Center Wing Time % Phy DF OF
1 Riley Armstrong Lucas Lessio 60 1 2 2
2 Christoffer Ehn Robby Fabbri 40 1 2 2
Penalty Kill 4 Players Defense
Defense Defense Time % Phy DF OF
1 Filip Hronek Ian McCoshen 60 1 2 2
2 Ryan Pulock Andrey Pedan 40 1 2 2
Penalty Kill - 3 Players Forward
Forward Time % Phy DF OF
1 Christoffer Ehn 60 1 2 2
2 Riley Armstrong 40 1 2 2
Penalty Kill - 3 Players Defense
Defense Defense Time % Phy DF OF
1 Filip Hronek Ian McCoshen 60 1 2 2
2 Ryan Pulock Andrey Pedan 40 1 2 2
4 vs 4 Forward
Center Wing Time % Phy DF OF
1 Christoffer Ehn Robby Fabbri 60 1 2 2
2 Nico Hischier Martin Frk 40 1 2 2
4 vs 4 Defense
Defense Defense Time % Phy DF OF
1 Filip Hronek Ian McCoshen 60 1 2 2
2 Ryan Pulock Andrey Pedan 40 1 2 2
Last Minutes Offensive
Center Left Wing Right Wing Defense Defense
Nico Hischier Lucas Lessio Martin Frk Filip Hronek Nils Lundkvist
Last Minutes Defensive
Center Left Wing Right Wing Defense Defense
Christoffer Ehn Lucas Lessio Riley Armstrong Filip Hronek Ian McCoshen
Goaltenders
Starting : Marcus Hogberg
Backup : Adam Werner
Extra Forwards
Normal : Morgan Geekie, Brendan Leipsic, Cody Glass - PP : Cody Glass, Brendan Leipsic - PK : Cody Glass
Extra Defensemen
Normal : Andrey Pedan, Robbie Russo, Sebastian Ahaut - PP : Ian McCoshen - PK : Robbie Russo, Sebastian Ahaut
Penalty Shots
Sonny Milano, Robby Fabbri, Martin Frk, Lucas Lessio, Riley Armstrong
Custom OT Lines Forwards
Lucas Lessio, Nico Hischier, Robby Fabbri, Christoffer Ehn, Martin Frk, Riley Armstrong, Morgan Geekie, Cody Glass, Brendan Leipsic, Jack Studnicka
Custom OT Lines Defensemen
Filip Hronek, Ian McCoshen, Ryan Pulock, Andrey Pedan, Nils Lundkvist
Scratches
Jack Ramsey (Healthy), Jesse Graham (Healthy), Michael Bunting (Healthy), Conor Timmins (Healthy), Tyler Lewington (Healthy)
Calvin Thurkauf (Healthy), Oskar Steen (Healthy), Nick Swaney (Healthy), Dominik Bokk (Healthy), Philippe Desrosiers (Healthy)
% Time on Ice - Barracuda
Lines # - Real PCT - Wanted PCT - Time Play
Normal Forward
1 - 31% - 40% - 14:28
2 - 27% - 30% - 12:25
3 - 24% - 20% - 11:13
4 - 18% - 10% - 8:25
Normal Defense
1 - 40% - 40% - 18:48
2 - 33% - 30% - 15:29
3 - 23% - 20% - 10:50
4 - 3% - 10% - 1:24
PP Forward
1 - 55% - 60% - 5:08
2 - 45% - 40% - 4:09
PP Defense
1 - 53% - 60% - 4:54
2 - 47% - 40% - 4:23
PK Forward
1 - 77% - 60% - 2:45
2 - 23% - 40% - 0:49
PK Defense
1 - 69% - 60% - 2:28
2 - 31% - 40% - 1:06
PK3 Forward
1 - 0% - 60%
2 - 0% - 40%
PK3 Defense
1 - 0% - 60%
2 - 0% - 40%
44 Forward
1 - 100% - 60% - 0:38
2 - 0% - 40% - 0:00
44 Defense
1 - 100% - 60% - 0:38
2 - 0% - 40% - 0:00
Last Minute Offensive - 0:00
Last Minute Defensive - 0:00
Total
Forward - 60:00
Defense - 60:00
|
% Time on Ice - Griffins
Lines # - Real PCT - Wanted PCT - Time Play
Normal Forward
1 - 33% - 40% - 15:31
2 - 28% - 30% - 12:51
3 - 22% - 20% - 10:20
4 - 17% - 10% - 7:49
Normal Defense
1 - 41% - 40% - 19:10
2 - 30% - 30% - 14:04
3 - 19% - 20% - 8:57
4 - 9% - 10% - 4:20
PP Forward
1 - 53% - 60% - 1:54
2 - 47% - 40% - 1:40
PP Defense
1 - 68% - 60% - 2:26
2 - 32% - 40% - 1:08
PK Forward
1 - 67% - 60% - 6:15
2 - 33% - 40% - 3:02
PK Defense
1 - 61% - 60% - 5:41
2 - 39% - 40% - 3:36
PK3 Forward
1 - 0% - 60%
2 - 0% - 40%
PK3 Defense
1 - 0% - 60%
2 - 0% - 40%
44 Forward
1 - 100% - 60% - 0:38
2 - 0% - 40% - 0:00
44 Defense
1 - 100% - 60% - 0:38
2 - 0% - 40% - 0:00
Last Minute Offensive - 0:00
Last Minute Defensive - 0:00
Total
Forward - 60:00
Defense - 60:00
|
Play-by-Play
1st period
0:01 of 1st period - Nico Hischier wins face-off versus Emil Pettersson in neutral zone.
0:18 of 1st period - Filip Hronek is hit by William Carrier and loses puck.
0:37 of 1st period - Wrist shot by Sonny Milano.
0:37 of 1st period - Stopped by Joacim Eriksson without a rebound.
0:38 of 1st period - Riley Armstrong wins face-off versus Noah Gregor in Barracuda zone.
0:59 of 1st period - Brendan Leipsic is hit by Cole Ully and loses puck.
1:20 of 1st period - Slapshot by Morgan Barron.
1:20 of 1st period - Stopped by Joacim Eriksson with a rebound.
1:39 of 1st period - Off-side.
1:40 of 1st period - Christoffer Ehn wins face-off versus Theodor Blueger in neutral zone.
2:28 of 1st period - Slapshot by Kyle Platzer.
2:28 of 1st period - Shot Misses the Net.
2:30 of 1st period - Wrist shot by Kyle Platzer.
2:30 of 1st period - Stopped by Marcus Hogberg without a rebound.
2:31 of 1st period - Kyle Platzer wins face-off versus Riley Armstrong in Griffins zone.
2:42 of 1st period - Snap shot by Riley Armstrong.
2:42 of 1st period - Shot Blocked by Samuel Groulx.
3:52 of 1st period - Icing by Riley Armstrong.
3:53 of 1st period - Riley Armstrong wins face-off versus Emil Pettersson in Griffins zone.
4:04 of 1st period - Riley Armstrong is hit by Mario Lucia and loses puck.
4:09 of 1st period - Wrist shot by Emil Pettersson.
4:09 of 1st period - Shot Misses the Net.
4:19 of 1st period - Filip Hronek is hit by Samuel Groulx.
4:55 of 1st period - Minor Penalty to Robbie Russo for Hooking.
4:56 of 1st period - Cody Glass wins face-off versus Emil Pettersson in Griffins zone.
6:23 of 1st period - Slapshot by Sebastian Ahaut.
6:23 of 1st period - Shot Misses the Net.
6:55 of 1st period - Penalty to Robbie Russo is over, Robbie Russo is back on ice.
8:13 of 1st period - Snap shot by Cody Glass.
8:13 of 1st period - Shot Misses the Net.
8:15 of 1st period - Slapshot by Riley Armstrong.
8:15 of 1st period - Stopped by Joacim Eriksson with a rebound.
8:17 of 1st period - Wrist shot by Riley Armstrong.
8:17 of 1st period - Shot Blocked by Mac Hollowell.
9:45 of 1st period - Kyle Platzer is hit by Riley Armstrong.
10:23 of 1st period - Ryan Pulock is hit by Mac Hollowell and loses puck.
10:36 of 1st period - Wrist shot by Robby Fabbri.
10:36 of 1st period - Stopped by Joacim Eriksson with a rebound.
10:48 of 1st period - Slapshot by Cody Glass.
10:48 of 1st period - Stopped by Joacim Eriksson without a rebound.
10:49 of 1st period - Emil Pettersson wins face-off versus Cody Glass in Barracuda zone.
10:53 of 1st period - Icing by Emil Pettersson.
10:54 of 1st period - Emil Pettersson wins face-off versus Martin Frk in Barracuda zone.
10:58 of 1st period - Off-side.
10:59 of 1st period - Nico Hischier wins face-off versus Emil Pettersson in neutral zone.
11:28 of 1st period - Wrist shot by Kurtis Macdermid.
11:28 of 1st period - Shot Misses the Net.
11:44 of 1st period - Snap shot by Alex Henriksson.
11:44 of 1st period - Shot Misses the Net.
11:46 of 1st period - Slapshot by Samuel Groulx.
11:46 of 1st period - Stopped by Marcus Hogberg with a rebound.
11:48 of 1st period - Snap shot by Kyle Platzer.
11:48 of 1st period - Shot Misses the Net.
11:50 of 1st period - Snap shot by Alex Henriksson.
11:50 of 1st period - Stopped by Marcus Hogberg with a rebound.
11:52 of 1st period - Slapshot by Samuel Groulx.
11:52 of 1st period - Shot Blocked by Morgan Barron.
11:54 of 1st period - Snap shot by Kyle Platzer.
11:54 of 1st period - Stopped by Marcus Hogberg without a rebound.
11:55 of 1st period - Nico Hischier wins face-off versus Emil Pettersson in Griffins zone.
12:02 of 1st period - Slapshot by William Carrier.
12:02 of 1st period - Shot Misses the Net.
12:04 of 1st period - Slapshot by Eric Gustafsson.
12:04 of 1st period - Deflect By Lucas Lessio.
12:04 of 1st period - Stopped by Marcus Hogberg with a rebound.
12:06 of 1st period - Snap shot by Mario Lucia.
12:06 of 1st period - Shot Blocked by Robbie Russo.
12:08 of 1st period - Snap shot by Emil Pettersson.
12:08 of 1st period - Shot Misses the Net.
12:10 of 1st period - Snap shot by Mario Lucia.
12:10 of 1st period - Stopped by Marcus Hogberg with a rebound.
12:20 of 1st period - Kurtis Macdermid is hit by Robby Fabbri.
12:39 of 1st period - Icing by Robby Fabbri.
12:40 of 1st period - Noah Gregor wins face-off versus Riley Armstrong in Griffins zone.
13:44 of 1st period - Minor Penalty to Robby Fabbri for Hooking.
13:45 of 1st period - Lucas Lessio wins face-off versus Emil Pettersson in Griffins zone.
13:45 of 1st period - Lucas Lessio is hit by Mario Lucia.
14:20 of 1st period - Snap shot by Christoffer Ehn.
14:20 of 1st period - Shot Misses the Net.
15:44 of 1st period - Penalty to Robby Fabbri is over, Robby Fabbri is back on ice.
15:53 of 1st period - Snap shot by Sonny Milano.
15:53 of 1st period - Shot Misses the Net.
15:55 of 1st period - Wrist shot by Robbie Russo.
15:55 of 1st period - Shot Blocked by Robin Norell.
16:07 of 1st period - Slapshot by Kyle Platzer.
16:07 of 1st period - Shot Blocked by Robbie Russo.
16:09 of 1st period - Slapshot by Robin Norell.
16:09 of 1st period - Stopped by Marcus Hogberg with a rebound.
16:11 of 1st period - Slapshot by Logan Stanley.
16:11 of 1st period - Shot Misses the Net.
16:13 of 1st period - Wrist shot by Kyle Platzer.
16:13 of 1st period - Stopped by Marcus Hogberg without a rebound.
16:14 of 1st period - Nico Hischier wins face-off versus Noah Gregor in Griffins zone.
16:14 of 1st period - Nico Hischier is hit by Cole Ully.
16:22 of 1st period - Slapshot by Ryan Pulock.
16:22 of 1st period - Shot Blocked by Samuel Groulx.
17:03 of 1st period - Minor Penalty to Mario Lucia for Holding.
17:04 of 1st period - Nico Hischier wins face-off versus Emil Pettersson in Barracuda zone.
17:14 of 1st period - Snap shot by Lucas Lessio.
17:14 of 1st period - Stopped by Joacim Eriksson with a rebound.
17:16 of 1st period - Snap shot by Lucas Lessio.
17:16 of 1st period - Shot Misses the Net.
17:20 of 1st period - Wrist shot by Martin Frk.
17:20 of 1st period - Deflect By Nico Hischier.
17:20 of 1st period - Shot Blocked by Samuel Groulx.
17:20 of 1st period - Puck is out of play.
17:21 of 1st period - Emil Pettersson wins face-off versus Nico Hischier in Barracuda zone.
18:10 of 1st period - Logan Stanley is hit by Lucas Lessio and loses puck.
18:28 of 1st period - Icing by Robby Fabbri.
18:29 of 1st period - Christoffer Ehn wins face-off versus Theodor Blueger in Griffins zone.
18:51 of 1st period - Samuel Groulx is hit by Robby Fabbri and loses puck.
18:56 of 1st period - Slapshot by Nico Hischier.
18:56 of 1st period - Shot Misses the Net.
18:58 of 1st period - Slapshot by Robby Fabbri.
18:58 of 1st period - Shot Blocked by Samuel Groulx.
19:03 of 1st period - Penalty to Mario Lucia is over, Mario Lucia is back on ice.
19:20 of 1st period - Slapshot by Eric Gustafsson.
19:20 of 1st period - Stopped by Marcus Hogberg with a rebound.
19:47 of 1st period - Minor Penalty to Brendan Leipsic for Holding.
19:48 of 1st period - Theodor Blueger wins face-off versus Riley Armstrong in Griffins zone.
19:58 of 1st period - Wrist shot by Kurtis Macdermid.
19:58 of 1st period - Shot Blocked by Ian McCoshen.
Goals for this period are 0 for Barracuda vs 0 for Griffins.
Shots for this period are 9 for Barracuda vs 6 for Griffins.
2nd period
0:01 of 2nd period - Emil Pettersson wins face-off versus Riley Armstrong in neutral zone.
0:04 of 2nd period - Slapshot by Eric Gustafsson.
0:04 of 2nd period - Shot Blocked by Lucas Lessio.
0:06 of 2nd period - Wrist shot by Eric Gustafsson.
0:06 of 2nd period - Shot Misses the Net.
0:36 of 2nd period - Slapshot by Theodor Blueger.
0:36 of 2nd period - Stopped by Marcus Hogberg without a rebound.
0:37 of 2nd period - Emil Pettersson wins face-off versus Riley Armstrong in Griffins zone.
0:40 of 2nd period - Wrist shot by William Carrier.
0:40 of 2nd period - Shot Misses the Net.
0:42 of 2nd period - Slapshot by Robin Norell.
0:42 of 2nd period - Stopped by Marcus Hogberg with a rebound.
0:44 of 2nd period - Snap shot by William Carrier.
0:44 of 2nd period - Shot Blocked by Andrey Pedan.
1:02 of 2nd period - Snap shot by Robby Fabbri.
1:02 of 2nd period - Goal by Robby Fabbri - Barracuda : 0 - Griffins : 1.
1:03 of 2nd period - Riley Armstrong wins face-off versus Emil Pettersson in neutral zone.
1:08 of 2nd period - Minor Penalty to William Carrier for Holding.
1:09 of 2nd period - Robby Fabbri wins face-off versus Emil Pettersson in Barracuda zone.
1:14 of 2nd period - Snap shot by Christoffer Ehn.
1:14 of 2nd period - Stopped by Joacim Eriksson without a rebound.
1:15 of 2nd period - Christoffer Ehn wins face-off versus Emil Pettersson in Barracuda zone.
1:20 of 2nd period - Wrist shot by Robby Fabbri.
1:20 of 2nd period - Stopped by Joacim Eriksson with a rebound.
1:22 of 2nd period - Slapshot by Ian McCoshen.
1:22 of 2nd period - Shot Misses the Net.
1:24 of 2nd period - Wrist shot by Christoffer Ehn.
1:24 of 2nd period - Goal by Christoffer Ehn - Barracuda : 0 - Griffins : 2.
1:25 of 2nd period - Emil Pettersson wins face-off versus Christoffer Ehn in neutral zone.
1:36 of 2nd period - Wrist shot by Theodor Blueger.
1:36 of 2nd period - Stopped by Marcus Hogberg with a rebound.
1:38 of 2nd period - Wrist shot by Emil Pettersson.
1:38 of 2nd period - Deflect By Theodor Blueger.
1:38 of 2nd period - Shot Misses the Net.
1:38 of 2nd period - Puck is out of play.
1:39 of 2nd period - Christoffer Ehn wins face-off versus Emil Pettersson in Griffins zone.
1:47 of 2nd period - Penalty to Brendan Leipsic is over, Brendan Leipsic is back on ice.
1:48 of 2nd period - Snap shot by Robby Fabbri.
1:48 of 2nd period - Goal by Robby Fabbri - Barracuda : 0 - Griffins : 3.
1:49 of 2nd period - Nico Hischier wins face-off versus Emil Pettersson in neutral zone.
2:50 of 2nd period - Backhand shot by Samuel Groulx.
2:50 of 2nd period - Deflect By Alex Henriksson.
2:50 of 2nd period - Stopped by Marcus Hogberg with a rebound.
3:41 of 2nd period - Robbie Russo is hit by Noah Gregor and loses puck.
4:01 of 2nd period - Off-side.
4:02 of 2nd period - Kyle Platzer wins face-off versus Riley Armstrong in neutral zone.
5:15 of 2nd period - Slapshot by Ryan Pulock.
5:15 of 2nd period - Shot Misses the Net.
5:23 of 2nd period - Icing by Ryan Pulock.
5:24 of 2nd period - Cody Glass wins face-off versus Thomas Gobeil in Griffins zone.
5:35 of 2nd period - Snap shot by Eric Gustafsson.
5:35 of 2nd period - Stopped by Marcus Hogberg without a rebound.
5:36 of 2nd period - Nico Hischier wins face-off versus Theodor Blueger in Griffins zone.
6:02 of 2nd period - Sonny Milano is hit by Samuel Groulx.
6:28 of 2nd period - Logan Stanley is hit by Ian McCoshen and loses puck.
7:07 of 2nd period - Slapshot by William Carrier.
7:07 of 2nd period - Shot Blocked by Ryan Pulock.
7:12 of 2nd period - Wrist shot by Logan Stanley.
7:12 of 2nd period - Stopped by Marcus Hogberg without a rebound.
7:13 of 2nd period - Nico Hischier wins face-off versus Emil Pettersson in Griffins zone.
7:40 of 2nd period - Robby Fabbri is hit by Noah Gregor and loses puck.
8:03 of 2nd period - Snap shot by Kurtis Macdermid.
8:03 of 2nd period - Shot Misses the Net.
8:05 of 2nd period - Wrist shot by Kurtis Macdermid.
8:05 of 2nd period - Shot Misses the Net.
8:07 of 2nd period - Slapshot by Thomas Gobeil.
8:07 of 2nd period - Deflect By Theodor Blueger.
8:07 of 2nd period - Stopped by Marcus Hogberg without a rebound.
8:08 of 2nd period - Lucas Lessio wins face-off versus Theodor Blueger in Griffins zone.
8:13 of 2nd period - Slapshot by Ryan Pulock.
8:13 of 2nd period - Stopped by Joacim Eriksson with a rebound.
8:19 of 2nd period - Martin Frk is hit by Robin Norell and loses puck.
8:41 of 2nd period - Wrist shot by Theodor Blueger.
8:41 of 2nd period - Shot Misses the Net.
9:01 of 2nd period - Wrist shot by Morgan Barron.
9:01 of 2nd period - Stopped by Joacim Eriksson with a rebound.
9:23 of 2nd period - Snap shot by Theodor Blueger.
9:23 of 2nd period - Stopped by Marcus Hogberg with a rebound.
9:25 of 2nd period - Snap shot by Kurtis Macdermid.
9:25 of 2nd period - Stopped by Marcus Hogberg with a rebound.
9:27 of 2nd period - Snap shot by Kurtis Macdermid.
9:27 of 2nd period - Stopped by Marcus Hogberg without a rebound.
9:28 of 2nd period - Emil Pettersson wins face-off versus Nico Hischier in Griffins zone.
9:58 of 2nd period - Wrist shot by Christoffer Ehn.
9:58 of 2nd period - Shot Misses the Net.
10:02 of 2nd period - Snap shot by Christoffer Ehn.
10:02 of 2nd period - Shot Blocked by Noah Gregor.
10:22 of 2nd period - Snap shot by Brendan Leipsic.
10:22 of 2nd period - Shot Misses the Net.
10:24 of 2nd period - Wrist shot by Brendan Leipsic.
10:24 of 2nd period - Goal by Brendan Leipsic - Barracuda : 0 - Griffins : 4.
10:24 of 2nd period - Kevin Mandolese enters game.
10:25 of 2nd period - Emil Pettersson wins face-off versus Nico Hischier in neutral zone.
10:40 of 2nd period - Slapshot by Eric Gustafsson.
10:40 of 2nd period - Stopped by Marcus Hogberg with a rebound.
11:13 of 2nd period - Snap shot by Morgan Geekie.
11:13 of 2nd period - Shot Misses the Net.
11:19 of 2nd period - Snap shot by Kurtis Macdermid.
11:19 of 2nd period - Shot Misses the Net.
11:21 of 2nd period - Snap shot by Theodor Blueger.
11:21 of 2nd period - Stopped by Marcus Hogberg with a rebound.
11:23 of 2nd period - Wrist shot by Samuel Groulx.
11:23 of 2nd period - Goal by Samuel Groulx - Barracuda : 1 - Griffins : 4.
11:24 of 2nd period - Nico Hischier wins face-off versus Emil Pettersson in neutral zone.
12:12 of 2nd period - Cole Ully is hit by Filip Hronek and loses puck.
12:19 of 2nd period - Snap shot by Riley Armstrong.
12:19 of 2nd period - Shot Misses the Net.
12:45 of 2nd period - Snap shot by Lucas Lessio.
12:45 of 2nd period - Stopped by Kevin Mandolese with a rebound.
13:37 of 2nd period - Ryan Pulock is hit by Cole Ully.
14:00 of 2nd period - Emil Pettersson is hit by Riley Armstrong and loses puck.
14:17 of 2nd period - Alex Henriksson is hit by Lucas Lessio.
14:34 of 2nd period - Snap shot by Kurtis Macdermid.
14:34 of 2nd period - Stopped by Marcus Hogberg with a rebound.
14:36 of 2nd period - Wrist shot by Kurtis Macdermid.
14:36 of 2nd period - Shot Misses the Net.
14:38 of 2nd period - Wrist shot by Eric Gustafsson.
14:38 of 2nd period - Stopped by Marcus Hogberg with a rebound.
14:40 of 2nd period - Wrist shot by Thomas Gobeil.
14:40 of 2nd period - Shot Misses the Net.
14:42 of 2nd period - Slapshot by Thomas Gobeil.
14:42 of 2nd period - Stopped by Marcus Hogberg without a rebound.
14:43 of 2nd period - Nico Hischier wins face-off versus Emil Pettersson in Griffins zone.
14:48 of 2nd period - Emil Pettersson is hit by Lucas Lessio.
14:51 of 2nd period - Off-side.
14:52 of 2nd period - Nico Hischier wins face-off versus Emil Pettersson in neutral zone.
15:05 of 2nd period - Wrist shot by William Carrier.
15:05 of 2nd period - Shot Misses the Net.
15:07 of 2nd period - Snap shot by Mario Lucia.
15:07 of 2nd period - Shot Misses the Net.
15:09 of 2nd period - Slapshot by Samuel Groulx.
15:09 of 2nd period - Shot Blocked by Nico Hischier.
15:13 of 2nd period - Slapshot by Eric Gustafsson.
15:13 of 2nd period - Stopped by Marcus Hogberg with a rebound.
15:15 of 2nd period - Slapshot by William Carrier.
15:15 of 2nd period - Shot Misses the Net.
15:17 of 2nd period - Snap shot by Mario Lucia.
15:17 of 2nd period - Shot Misses the Net.
15:19 of 2nd period - Wrist shot by William Carrier.
15:19 of 2nd period - Goal by William Carrier - Barracuda : 2 - Griffins : 4.
15:20 of 2nd period - Lucas Lessio wins face-off versus Emil Pettersson in neutral zone.
15:31 of 2nd period - Wrist shot by Eric Gustafsson.
15:31 of 2nd period - Deflect By William Carrier.
15:31 of 2nd period - Stopped by Marcus Hogberg without a rebound.
15:32 of 2nd period - Emil Pettersson wins face-off versus Nico Hischier in Griffins zone.
15:33 of 2nd period - Snap shot by William Carrier.
15:33 of 2nd period - Shot Misses the Net.
15:35 of 2nd period - Minor Penalty to Filip Hronek for High sticking.
15:36 of 2nd period - Riley Armstrong wins face-off versus Emil Pettersson in Griffins zone.
16:06 of 2nd period - Off-side.
16:07 of 2nd period - Theodor Blueger wins face-off versus Christoffer Ehn in neutral zone.
16:22 of 2nd period - Snap shot by Kurtis Macdermid.
16:22 of 2nd period - Shot Misses the Net.
16:42 of 2nd period - Wrist shot by Riley Armstrong.
16:42 of 2nd period - Stopped by Kevin Mandolese with a rebound.
17:34 of 2nd period - Mario Lucia is hit by Morgan Barron.
17:35 of 2nd period - Penalty to Filip Hronek is over, Filip Hronek is back on ice.
17:37 of 2nd period - Off-side.
17:38 of 2nd period - Sonny Milano wins face-off versus Noah Gregor in neutral zone.
17:49 of 2nd period - Slapshot by Robby Fabbri.
17:49 of 2nd period - Shot Misses the Net.
17:55 of 2nd period - Cole Ully is hit by Christoffer Ehn.
18:12 of 2nd period - Slapshot by Ryan Pulock.
18:12 of 2nd period - Shot Blocked by Alex Henriksson.
18:14 of 2nd period - Slapshot by Ryan Pulock.
18:14 of 2nd period - Shot Misses the Net.
18:16 of 2nd period - Wrist shot by Morgan Barron.
18:16 of 2nd period - Shot Misses the Net.
18:18 of 2nd period - Snap shot by Jack Studnicka.
18:18 of 2nd period - Deflect By Morgan Barron.
18:18 of 2nd period - Shot Misses the Net.
18:18 of 2nd period - Puck is out of play.
18:19 of 2nd period - Nico Hischier wins face-off versus Emil Pettersson in Barracuda zone.
18:41 of 2nd period - Minor Penalty to Martin Frk for Hooking.
18:42 of 2nd period - Emil Pettersson wins face-off versus Riley Armstrong in Griffins zone.
19:07 of 2nd period - Ian McCoshen is hit by Theodor Blueger.
Goals for this period are 2 for Barracuda vs 4 for Griffins.
Shots for this period are 19 for Barracuda vs 10 for Griffins.
3rd period
0:01 of 3rd period - Emil Pettersson wins face-off versus Riley Armstrong in neutral zone.
0:04 of 3rd period - Slapshot by Eric Gustafsson.
0:04 of 3rd period - Shot Misses the Net.
0:06 of 3rd period - Wrist shot by Emil Pettersson.
0:06 of 3rd period - Shot Misses the Net.
0:41 of 3rd period - Penalty to Martin Frk is over, Martin Frk is back on ice.
0:53 of 3rd period - Ryan Pulock is hit by Noah Gregor and loses puck.
1:38 of 3rd period - Snap shot by William Carrier.
1:38 of 3rd period - Shot Misses the Net.
1:40 of 3rd period - Wrist shot by Mario Lucia.
1:40 of 3rd period - Stopped by Marcus Hogberg without a rebound.
1:41 of 3rd period - Christoffer Ehn wins face-off versus Emil Pettersson in Griffins zone.
1:41 of 3rd period - Christoffer Ehn is hit by William Carrier.
1:55 of 3rd period - Snap shot by William Carrier.
1:55 of 3rd period - Stopped by Marcus Hogberg with a rebound.
2:11 of 3rd period - Samuel Groulx is hit by Martin Frk.
2:36 of 3rd period - Slapshot by Riley Armstrong.
2:36 of 3rd period - Shot Misses the Net.
2:38 of 3rd period - Wrist shot by Riley Armstrong.
2:38 of 3rd period - Stopped by Kevin Mandolese with a rebound.
3:09 of 3rd period - Logan Stanley is hit by Andrey Pedan and loses puck.
3:20 of 3rd period - Slapshot by Robby Fabbri.
3:20 of 3rd period - Deflect By Sonny Milano.
3:20 of 3rd period - Stopped by Kevin Mandolese with a rebound.
4:00 of 3rd period - Snap shot by Riley Armstrong.
4:00 of 3rd period - Stopped by Kevin Mandolese without a rebound.
4:01 of 3rd period - Christoffer Ehn wins face-off versus Emil Pettersson in Barracuda zone.
4:08 of 3rd period - Wrist shot by Christoffer Ehn.
4:08 of 3rd period - Goal by Christoffer Ehn - Barracuda : 2 - Griffins : 5.
4:09 of 3rd period - William Carrier wins face-off versus Nico Hischier in neutral zone.
4:12 of 3rd period - Slapshot by Eric Gustafsson.
4:12 of 3rd period - Stopped by Marcus Hogberg with a rebound.
4:22 of 3rd period - Wrist shot by Nico Hischier.
4:22 of 3rd period - Shot Misses the Net.
4:24 of 3rd period - Slapshot by Filip Hronek.
4:24 of 3rd period - Shot Blocked by Samuel Groulx.
4:26 of 3rd period - Snap shot by Lucas Lessio.
4:26 of 3rd period - Shot Blocked by Samuel Groulx.
5:13 of 3rd period - Eric Gustafsson is hit by Riley Armstrong and loses puck.
5:33 of 3rd period - Wrist shot by Cole Ully.
5:33 of 3rd period - Stopped by Marcus Hogberg with a rebound.
5:35 of 3rd period - Wrist shot by Noah Gregor.
5:35 of 3rd period - Stopped by Marcus Hogberg without a rebound.
5:36 of 3rd period - Emil Pettersson wins face-off versus Nico Hischier in Griffins zone.
5:58 of 3rd period - Icing by Andrey Pedan.
5:59 of 3rd period - Christoffer Ehn wins face-off versus Theodor Blueger in Griffins zone.
6:09 of 3rd period - Icing by Mac Hollowell.
6:10 of 3rd period - Nico Hischier wins face-off versus Theodor Blueger in Barracuda zone.
6:23 of 3rd period - Snap shot by Lucas Lessio.
6:23 of 3rd period - Stopped by Kevin Mandolese without a rebound.
6:24 of 3rd period - Emil Pettersson wins face-off versus Nico Hischier in Barracuda zone.
6:24 of 3rd period - Emil Pettersson is hit by Andrey Pedan.
6:30 of 3rd period - Andrey Pedan is hit by Eric Gustafsson and loses puck.
6:49 of 3rd period - Filip Hronek is hit by Eric Gustafsson and loses puck.
7:02 of 3rd period - Wrist shot by Christoffer Ehn.
7:02 of 3rd period - Shot Misses the Net.
7:14 of 3rd period - Wrist shot by Andrey Pedan.
7:14 of 3rd period - Stopped by Kevin Mandolese with a rebound.
7:38 of 3rd period - Slapshot by Filip Hronek.
7:38 of 3rd period - Stopped by Kevin Mandolese with a rebound.
7:42 of 3rd period - Slapshot by Morgan Barron.
7:42 of 3rd period - Stopped by Kevin Mandolese without a rebound.
7:43 of 3rd period - Nico Hischier wins face-off versus Theodor Blueger in Barracuda zone.
7:56 of 3rd period - Snap shot by Lucas Lessio.
7:56 of 3rd period - Deflect By Nico Hischier.
7:56 of 3rd period - Stopped by Kevin Mandolese with a rebound.
7:58 of 3rd period - Wrist shot by Lucas Lessio.
7:58 of 3rd period - Shot Blocked by Eric Gustafsson.
8:00 of 3rd period - Wrist shot by Nico Hischier.
8:00 of 3rd period - Shot Misses the Net.
8:06 of 3rd period - Penalty Shot by Kurtis Macdermid for Barracuda.
8:06 of 3rd period - Deke by Kurtis Macdermid.
8:06 of 3rd period - Goal by Kurtis Macdermid - Barracuda : 3 - Griffins : 5.
8:07 of 3rd period - Emil Pettersson wins face-off versus Nico Hischier in neutral zone.
8:08 of 3rd period - Nico Hischier wins face-off versus Emil Pettersson in Barracuda zone.
8:09 of 3rd period - Slapshot by Lucas Lessio.
8:09 of 3rd period - Stopped by Kevin Mandolese with a rebound.
8:11 of 3rd period - Snap shot by Lucas Lessio.
8:11 of 3rd period - Shot Blocked by Samuel Groulx.
8:13 of 3rd period - Wrist shot by Nico Hischier.
8:13 of 3rd period - Goal by Nico Hischier - Barracuda : 3 - Griffins : 6.
8:14 of 3rd period - Nico Hischier wins face-off versus Emil Pettersson in neutral zone.
8:17 of 3rd period - William Carrier is hit by Nico Hischier and loses puck.
8:40 of 3rd period - Martin Frk is hit by Eric Gustafsson and loses puck.
8:44 of 3rd period - Icing by Nico Hischier.
8:45 of 3rd period - Nico Hischier wins face-off versus Noah Gregor in Griffins zone.
8:52 of 3rd period - Slapshot by Ian McCoshen.
8:52 of 3rd period - Shot Blocked by Robin Norell.
9:10 of 3rd period - Robbie Russo is hit by Thomas Gobeil and loses puck.
9:44 of 3rd period - Wrist shot by William Carrier.
9:44 of 3rd period - Deflect By Emil Pettersson.
9:44 of 3rd period - Shot Misses the Net.
9:44 of 3rd period - Puck is out of play.
9:45 of 3rd period - Christoffer Ehn wins face-off versus Emil Pettersson in Griffins zone.
10:19 of 3rd period - Slapshot by Eric Gustafsson.
10:19 of 3rd period - Deflect By Filip Hronek.
10:19 of 3rd period - Stopped by Marcus Hogberg with a rebound.
10:21 of 3rd period - Snap shot by Eric Gustafsson.
10:21 of 3rd period - Shot Blocked by Riley Armstrong.
10:38 of 3rd period - Morgan Barron is hit by Jordan Gross and loses puck.
11:16 of 3rd period - Logan Stanley is hit by Morgan Geekie.
11:22 of 3rd period - Brendan Leipsic is hit by Thomas Gobeil and loses puck.
11:55 of 3rd period - Off-side.
11:56 of 3rd period - Christoffer Ehn wins face-off versus Emil Pettersson in neutral zone.
12:09 of 3rd period - Wrist shot by Emil Pettersson.
12:09 of 3rd period - Shot Misses the Net.
12:49 of 3rd period - Snap shot by Kyle Platzer.
12:49 of 3rd period - Shot Misses the Net.
13:11 of 3rd period - Slapshot by Cody Glass.
13:11 of 3rd period - Shot Misses the Net.
13:17 of 3rd period - Wrist shot by Emil Pettersson.
13:17 of 3rd period - Shot Misses the Net.
13:19 of 3rd period - Slapshot by Emil Pettersson.
13:19 of 3rd period - Stopped by Marcus Hogberg without a rebound.
13:20 of 3rd period - Theodor Blueger wins face-off versus Nico Hischier in Griffins zone.
13:27 of 3rd period - Snap shot by Theodor Blueger.
13:27 of 3rd period - Shot Misses the Net.
13:35 of 3rd period - Snap shot by Martin Frk.
13:35 of 3rd period - Stopped by Kevin Mandolese without a rebound.
13:36 of 3rd period - Emil Pettersson wins face-off versus Christoffer Ehn in Barracuda zone.
14:13 of 3rd period - Slapshot by Sonny Milano.
14:13 of 3rd period - Stopped by Kevin Mandolese with a rebound.
14:15 of 3rd period - Snap shot by Filip Hronek.
14:15 of 3rd period - Shot Blocked by Noah Gregor.
14:17 of 3rd period - Slapshot by Andrey Pedan.
14:17 of 3rd period - Shot Blocked by Jordan Gross.
14:31 of 3rd period - Wrist shot by Noah Gregor.
14:31 of 3rd period - Stopped by Marcus Hogberg with a rebound.
15:05 of 3rd period - Andrey Pedan is hit by Noah Gregor and loses puck.
15:18 of 3rd period - Snap shot by Sonny Milano.
15:18 of 3rd period - Shot Blocked by Noah Gregor.
15:22 of 3rd period - Slapshot by Robby Fabbri.
15:22 of 3rd period - Stopped by Kevin Mandolese with a rebound.
15:30 of 3rd period - Wrist shot by Christoffer Ehn.
15:30 of 3rd period - Stopped by Kevin Mandolese without a rebound.
15:31 of 3rd period - Emil Pettersson wins face-off versus Nico Hischier in Barracuda zone.
16:02 of 3rd period - Theodor Blueger is hit by Riley Armstrong and loses puck.
16:45 of 3rd period - Mario Lucia is hit by Nico Hischier and loses puck.
16:54 of 3rd period - William Carrier is hit by Nico Hischier and loses puck.
17:09 of 3rd period - Mario Lucia is hit by Riley Armstrong.
17:19 of 3rd period - Logan Stanley is hit by Jack Studnicka and loses puck.
17:32 of 3rd period - Thomas Gobeil is hit by Riley Armstrong and loses puck.
17:50 of 3rd period - Icing by Ryan Pulock.
17:51 of 3rd period - Kyle Platzer wins face-off versus Nico Hischier in Griffins zone.
17:52 of 3rd period - Slapshot by Eric Gustafsson.
17:52 of 3rd period - Shot Misses the Net.
18:26 of 3rd period - Minor Penalty to Kyle Platzer for Tripping.
18:27 of 3rd period - Emil Pettersson wins face-off versus Nico Hischier in Barracuda zone.
19:24 of 3rd period - Wrist shot by Theodor Blueger.
19:24 of 3rd period - Stopped by Marcus Hogberg with a rebound.
19:54 of 3rd period - Theodor Blueger is hit by Filip Hronek and loses puck.
Goals for this period are 1 for Barracuda vs 2 for Griffins.
Shots for this period are 9 for Barracuda vs 15 for Griffins.